 Dungeon Crawl Stone Soup version 0.27-a0-1105-g946c659c87 (webtiles) character file.

Game seed: 4935137963085781349

3123 kae the Cleaver (level 9, -3/82 HPs)
             Began as a Hill Orc Fighter on Apr 29, 2021.
             Was a Follower of Qazlal.
             Slain by a wight
             ... wielding a +3 great sword
              (15 damage)
             ... on level 8 of the Dungeon.
             The game lasted 00:05:19 (6891 turns).

kae the Cleaver (Hill Orc Fighter)                  Turns: 6891, Time: 00:05:20

Health: -3/82      AC: 10    Str: 22    XL:     9   Next: 91%
Magic:  12/12      EV: 10    Int:  8    God:    Qazlal [*.....]
Gold:   209        SH:  2    Dex: 10    Spells: 8/8 levels left

rFire    . . .     SeeInvis .   k - +2 battleaxe (venom)
rCold    . . .     Faith    .   (shield currently unavailable)
rNeg     . . .     Spirit   .   b - +0 scale mail
rPois    .         Reflect  .   (no helmet)
rElec    .         Harm     .   j - +1 cloak
rCorr    .         Rampage  .   (no gloves)
Will     +....                  (no boots)
Stlth    ..........             (no amulet)
HPRegen  0.23/turn              i - ring of willpower
MPRegen  0.13/turn              q - ring of wizardry

@: hasted, very quick
A: no striking features
a: Renounce Religion


You were on level 8 of the Dungeon.
You worshipped Qazlal.
Qazlal was aware of your devotion.
You visited 2 branches of the dungeon, and saw 8 of its levels.
You also visited: Sewer and Ossuary.

You collected 209 gold pieces.

Inventory:

Hand Weapons
 a - a +0 war axe
 k - a +2 battleaxe of venom (weapon)
Armour
 b - a +0 scale mail (worn)
 c - a +0 kite shield
 j - a +1 cloak (worn)
Jewellery
 i - a ring of willpower (left hand)
 q - a ring of wizardry (right hand)
 s - a ring of ice
 w - a ring of ice
Wands
 n - a wand of iceblast (7)
 t - a wand of polymorph (12)
 y - a wand of flame (20)
Scrolls
 l - 4 scrolls of teleportation
 z - a scroll of magic mapping
 B - a scroll of enchant armour
Potions
 d - 2 potions of might
 e - a potion of haste
 f - 5 potions of curing
 g - 3 potions of attraction
 h - 5 potions of degeneration {unknown}
 m - a potion of berserk rage
 o - a potion of mutation
 p - 3 potions of brilliance
 r - a potion of magic {unknown}
 u - 2 potions of flight {unknown}
 x - a potion of lignification {unknown}
 A - a potion of resistance {unknown}


   Skills:
 + Level 8.6 Fighting
 * Level 11.4 Axes
 + Level 7.8 Armour
 - Level 4.5 Shields
 + Level 4.8 Invocations


You had 8 spell levels left.
You didn't know any spells.
Your spell library contained the following spells:

 Spells                   Type           Power      Damage    Failure   Level
 Beastly Appendage        Tmut           0%         N/A       38%         1
 Magic Dart               Conj           0%         1d3       38%         1
 Shock                    Conj/Air       0%         1d3       38%         1
 Blink                    Tloc           N/A        N/A       50%         2
 Call Imp                 Summ           0%         N/A       50%         2
 Slow                     Hex            0%         N/A       50%         2
 Static Discharge         Conj/Air       0%         N/A       50%         2
 Wereblood                Tmut           0%         N/A       50%         2
 Conjure Flame            Conj/Fire      0%         6-21      73%         3
 Mephitic Cloud           Conj/Pois/Air  0%         N/A       73%         3
 Spider Form              Tmut/Pois      0%         N/A       73%         3
 Swiftness                Air            0%         N/A       73%         3
 Airstrike                Air            0%         N/A       98%         4
 Ice Form                 Ice/Tmut       0%         N/A       98%         4
 Hydra Form               Tmut           0%         N/A       100%        5
 Lightning Bolt           Conj/Air       0%         1d11      100%        5


Dungeon Overview and Level Annotations

Branches:
Dungeon (8/15)             Temple (1/1) D:6           Sewer (visited)
Ossuary (visited)
   Lair: D:8-11

Altars:
Ashenzari
Cheibriados
Dithmenos
Fedhas
Gozag
Kikubaaqudgha
Makhleb
Qazlal
Sif Muna
Vehumet
Yredelemnul

Shops:
D:2 (   D:6 :

Annotations:
D:2 1 runed translucent door, Crazy Yiuf
D:4 2 transporters


Message History

You hit the yak.
The yak is lightly wounded.
The yak gores you but does no damage.
You slash the yak!
The yak is poisoned.
The yak is heavily wounded.
The yak gores you but does no damage.
You slash the yak!
The yak looks as sick as possible!
The yak is almost dead.
The yak barely misses you.
You slash the yak!
You kill the yak!
Qazlal accepts your kill.
You hit the yak.
The yak is poisoned.
The yak is lightly wounded.
The yak gores you!
* * * LOW HITPOINT WARNING * * *
The yak gores you.
* * * LOW HITPOINT WARNING * * *
You hit the yak but do no damage.
The yak looks as sick as possible!
The yak is lightly wounded.
The yak gores you.
* * * LOW HITPOINT WARNING * * *
You slice the yak!!
The yak looks as sick as possible!
The yak is almost dead.
You kill the yak!
Qazlal accepts your kill. The yak gores you.
* * * LOW HITPOINT WARNING * * *
Your scale mail prevents you from hitting the yak.
The yak is almost dead.
The yak gores you!
* * * LOW HITPOINT WARNING * * *
You kill the yak!
Qazlal accepts your kill.
Okay, then.
You feel yourself speed up. The yak barely misses you.
A wight comes into view. It is wielding a +3 great sword.
You see here 9 gold pieces.
The wight hits you with a +3 great sword!
You die...

,,**...............,..#,,,,,,,,,,
****,.............#...,,,,,,,,,,,
**,###.....##.....#.###..,,,,,,,,
*,*,..,..................,,,,,,,*
*,*,,.##..?.........#**,,,,,,,,,*
,****#..............# *,,,,,,,,,*
** #.###.†/.......# *,,,,,<,,,*
######..o†.#....z...###,,,,,,,,,,
.......†####[...@.....#,,,,,,,,,,
.####..#####......#.....,,,,,,,,*
.####o####.....$..#.....,,,,,,,**
.....o..................,,,,,,**
##....##.###>....##.....,,,,,**
#.####..# #....°#......,,**,*
##)...Y.## #............,,**,*
.)).##### #......#.....,,**,*
###.o...#######..##*#...,,,,,*


You could see a wight.

Vanquished Creatures
  5 yaks (D:8)
  2 black bears
  3 necrophages
  2 sky beasts
  2 ogres
  A phantom (D:6)
  4 scorpions
  3 bullfrogs
  A water moccasin zombie (D:5)
  A water moccasin skeleton (D:5)
  7 wights (D:8)
  A howler monkey (D:3)
  A centaur zombie (Ossuary)
  A hound (D:5)
  An orc priest (D:4)
  A human zombie (Ossuary)
  A jelly (D:5)
  Jessica (D:2)
  2 iguanas
  2 orc wizards (D:6)
  Natasha (thrice) (D:2)
  4 mummies
  7 adders
  3 gnolls
  A shadow imp (D:8)
  2 white imps (D:5)
  An adder zombie (D:5)
  A worm (D:2)
  8 dart slugs
  10 orcs
  6 bats
  7 endoplasms
  6 giant cockroaches
  4 goblins
  10 hobgoblins
  5 jackals
  5 kobolds
  9 quokkas
  11 ball pythons
  8 frilled lizards
  A goblin zombie (D:8)
  3 hobgoblin zombies (Ossuary)
  A jackal skeleton (D:4)
  2 kobold zombies
  2 orc zombies (Ossuary)
  8 rats
170 creatures vanquished.

Vanquished Creatures (others)
  A plant (D:6)
1 creature vanquished.

Grand Total: 171 creatures vanquished

Notes
Turn   | Place    | Note
-------+----------+-------------------------------------------
     0 | D:1      | kae the Hill Orc Fighter began the quest for the Orb.
     0 | D:1      | Reached XP level 1. HP: 19/19 MP: 1/1
    89 | D:1      | Reached skill level 3 in Axes
    89 | D:1      | Reached XP level 2. HP: 27/27 MP: 2/2
   380 | D:1      | Reached XP level 3. HP: 33/33 MP: 3/3
   847 | D:2      | Noticed Natasha
   855 | D:2      | Killed Natasha
   856 | D:2      | Reached XP level 4. HP: 34/40 MP: 4/4
  1028 | D:2      | Noticed Natasha
  1037 | D:2      | Killed Natasha
  1229 | D:2      | Found a runed translucent door.
  1232 | D:2      | Noticed Crazy Yiuf
  1329 | D:2      | Noticed Jessica
  1337 | D:2      | Killed Jessica
  1338 | D:2      | Reached skill level 4 in Axes
  1338 | D:2      | Reached XP level 5. HP: 36/47 MP: 5/5
  1424 | D:2      | Noticed Natasha
  1448 | D:2      | Killed Natasha
  1867 | D:2      | Found Nauxkal's Weapon Boutique.
  2408 | D:3      | Found a faded altar of an unknown god.
  2454 | D:3      | Found an ancient bone altar of Kikubaaqudgha.
  2487 | D:3      | Found a blossoming altar of Fedhas.
  3006 | D:3      | Identified a scroll of acquirement
  3006 | D:3      | Acquired a +2 battleaxe of electrocution
  3035 | D:4      | Reached XP level 6. HP: 55/55 MP: 6/6
  3053 | D:4      | Reached skill level 5 in Fighting
  3053 | D:4      | Reached skill level 5 in Axes
  3478 | D:4      | Noticed a necrophage
  3485 | D:4      | Killed a necrophage
  3486 | D:4      | Reached skill level 5 in Armour
  3486 | D:4      | Reached XP level 7. HP: 47/60 MP: 7/7
  3497 | D:4      | HP: 2/61 [kobold/+0 dagger (3)]
  3838 | D:4      | Found a shadowy altar of Dithmenos.
  3934 | D:4      | Reached skill level 6 in Axes
  4013 | D:4      | Reached skill level 7 in Axes
  4338 | D:4      | Found a transporter.
  4395 | D:4      | Found a transporter.
  4564 | D:5      | Entered Level 5 of the Dungeon
  4572 | D:5      | Reached XP level 8. HP: 58/71 MP: 8/8
  4841 | D:5      | Reached skill level 8 in Axes
  5351 | D:6      | Reached skill level 9 in Axes
  5364 | D:6      | Found a staircase to the Ecumenical Temple.
  5380 | Temple   | Entered the Ecumenical Temple
  5388 | Temple   | Became a worshipper of Qazlal Stormbringer
  5445 | D:6      | Reached skill level 1 in Invocations
  5486 | D:6      | Found a glowing drain.
  5490 | Sewer    | Entered a sewer
  5653 | Sewer    | Reached XP level 9. HP: 73/79 MP: 10/10
  6062 | D:6      | Found Folir's Book Shoppe.
  6102 | D:6      | Reached skill level 10 in Axes
  6201 | D:6      | You fall into a shaft and drop 2 floors!
  6259 | D:8      | Found a sand-covered staircase.
  6280 | Ossuary  | Entered an ossuary
  6311 | Ossuary  | Reached * piety under Qazlal
  6847 | D:8      | Reached skill level 11 in Axes
  6891 | D:8      | Slain by a wight

Illustrated notes

Levels and vault maps discovered:
D:1:      nagdon_arrival_double_spiral, layout_basic
D:2:      layout_loops_corners, serial_shops, shop, minmay_pentomino_q2,
          uniq_crazy_yiuf_cottage, uniq_jessica, uniq_natasha
D:3:      layout_basic, grunt_temple_overflow_growth_and_decay,
          shapermc_ecumenical_altar_mp_ritualfount
D:4:      gammafunk_wand_slinger, layout_loops_ring, minmay_ruined_shrine
D:5:      layout_rooms
D:6:      layout_loops_ring, minmay_temple_entry_gardened_gates,
          gup_sewer_entry_bowl, serial_shops, shop_fountains, shop
D:8:      layout_rooms, nicolae_ossuary_entry_giza, grunt_decor_resistance
Temple:   eino_narrow_crystal_temple

Skill      XL: |  1  2  3  4  5  6  7  8  9 |
---------------+----------------------------+-----
Axes           | 3 4 5 7 9 11 | 11.4
Fighting       | 4 5 6 7 8 |  8.6
Shields        | 4 |  4.5
Armour         | 4 5 6 7 |  7.8
Invocations    | 1 4 |  4.8

Action                   |  1- 3 |  4- 6 |  7- 9 || total
-------------------------+-------+-------+-------++-------
Melee: War axe           |    84 |    95 |       ||   179
       Battleaxe         |       |    29 |   243 ||   272
  Use: Scroll            |     2 |     2 |    13 ||    17
       Potion            |       |       |     2 ||     2
Armor: Scale mail        |    54 |    43 |   129 ||   226
Dodge: Dodged            |    33 |    44 |   112 ||   189
Block: Kite shield       |    50 |    49 |       ||    99
       Other             |       |       |     1 ||     1

Table legend: (Time is in decaauts)
 A = Elapsed time spent in this place.
 B = Non-inter-level travel time spent in this place.
 C = Inter-level travel time spent in this place.
 D = Time resting spent in this place.
 E = Time spent auto-exploring this place.
 F = Levels seen in this place.
 G = Mean time per level.
                   A        B        C        D        E       F      G
               +--------+--------+--------+--------+--------+-----+--------+
         Total |   7138 |   7002 |    136 |    344 |   5357 |  10 |  713.8 |
       Dungeon |   6312 |   6183 |    129 |    334 |   4765 |   7 |  901.7 |
        Temple |     16 |      9 |      7 |      0 |      0 |   1 |   16.0 |
         Sewer |    571 |    571 |      0 |      0 |    433 |   1 |  571.0 |
       Ossuary |    237 |    237 |      0 |     10 |    159 |   1 |  237.0 |
               +--------+--------+--------+--------+--------+-----+--------+

Top non-repeatable levels by time:
     D:2: 1486 daAuts
     D:3: 1359 daAuts
     D:4: 1132 daAuts
     D:1: 781 daAuts
     D:5: 672 daAuts
   Sewer: 571 daAuts
     D:8: 457 daAuts
     D:6: 422 daAuts
 Ossuary: 237 daAuts
  Temple: 16 daAuts
